 Dungeon Crawl Stone Soup version 0.18-a0-1120-g03bd624 (webtiles) character file.

513 gorblad the Sneak (level 7, 0/36 HPs)
             Began as a Vine Stalker Monk on Jan 17, 2016.
             Shot with an arrow by a centaur (5 damage)
             ... on level 5 of the Dungeon.
             The game lasted 00:08:43 (3513 turns).

gorblad the Sneak (Vine Stalker Monk)               Turns: 3513, Time: 00:08:43

Health: 0/36       AC:  2    Str: 13    XL:     7   Next: 19%
Magic:  0/8        EV: 15    Int: 10    God:
Gold:   243        SH:  0    Dex: 19    Spells: 0 memorised, 6 levels left

rFire  . . .     SeeInvis .     f - +0 dagger (venom)
rCold  . . .     Gourm    .     e - +0 robe {rN+}
rNeg   + . .     Faith    +     (no shield)
rPois  .         Spirit   +     (no helmet)
rElec  .         Dismiss  .     (no cloak)
rCorr  .         Reflect  .     (no gloves)
SustAt .         Harm     .     (no boots)
MR     .....                    r - amulet of faith
Stlth  ++++......               (no ring)
                                (no ring)

@: not resistant to hostile enchantments, stealthy
A: fangs 2, regeneration 2, magic shield, antimagic bite, no device heal 3, rot
immunity
a: no special abilities


You were on level 5 of the Dungeon.
You were not hungry.

You visited 2 branches of the dungeon, and saw 6 of its levels.

You collected 243 gold pieces.

Inventory:

Hand Weapons
 f - a +0 dagger of venom (weapon)
Armour
 a - a +0 robe
 e - a +0 robe of positive energy (worn)
Jewellery
 r - an amulet of faith (around neck)
Wands
 g - a wand of polymorph (6/24)
 u - a wand of slowing (18/48)
Scrolls
 i - a scroll of magic mapping
Potions
 d - a potion of agility
 h - 2 potions of lignification
 j - a potion of curing
 l - a potion of mutation {unknown}
 q - a potion of cancellation {unknown}
 s - a potion of resistance {unknown}
Books
 m - Vehumet's Papyrus of Conjuration
   (You found it on level 4 of the Dungeon)

   Spells                             Type                      Level
   a - Magic Dart                     Conjuration                  1
 n - Sif Muna's Almanac of Orientation
   (You found it on level 4 of the Dungeon)

   Spells                             Type                      Level
   a - Apportation                    Translocation                1
 o - Kikubaaqudgha's Reference Book on Evil Magic
   (You found it on level 4 of the Dungeon)

   Spells                             Type                      Level
   a - Pain                           Necromancy                   1
Comestibles
 b - 4 bread rations
 t - 5 beef jerkies


   Skills:
 + Level 3.6 Fighting
 + Level 1.0 Short Blades
 + Level 4.7 Dodging
 + Level 6.2 Stealth
 - Level 4.1 Unarmed Combat


You had 6 spell levels left.
You didn't know any spells.

Dungeon Overview and Level Annotations

Branches:
Dungeon (5/15)             Temple (1/1) D:4

Altars:
Ashenzari
Cheibriados
Elyvilon
Fedhas
Gozag
Kikubaaqudgha
Nemelex Xobeh
Okawaru
Pakellas
Ru
Sif Muna
Trog
Vehumet
Xom
Yredelemnul
Zin
The Shining One

Shops:
D:4 =


Innate Abilities, Weirdness & Mutations

You have extremely sharp teeth.
You heal very quickly.
When hurt, damage is shared between your health and your magic reserves.
Your bite disrupts and absorbs the magic of your enemies.
Potions and wands cannot restore your health.
You are immune to rotting.


Message History

There is a stone staircase leading up here.
All of the chunks of flesh in your inventory have rotted away.
A centaur comes into view.
Found a bloodstained altar of Trog.
The centaur shouts!
The centaur wields a shortbow.
The centaur shoots an arrow.
The arrow barely misses you.
The spellbook bursts into flames!
Trog roars with delight!
The centaur shoots an arrow.
The arrow hits you!
The centaur shoots an arrow.
The arrow hits you!!
You see here 2 arrows.
The centaur shoots an arrow.
The arrow hits you!
* * * LOW HITPOINT WARNING * * *
You see here an arrow.
You are too injured to fight recklessly!
You are too injured to fight recklessly!
You are too injured to fight recklessly!
You are too injured to fight recklessly!
The centaur shoots an arrow.
The arrow hits you.
You die...

############
#..........#
#.########.#
#.# #.# #(#
#.# #.# #.#
#(# #.#
##(## #.#
#..@# ####.#
#.ยง.#
#....# #...#
#.#### #._c#
#.# #...#
#.# #####
#.# #.# #.#
#.#


You could see a centaur.

Vanquished Creatures
  Eustachio (D:4)
  A giant frog (D:3)
  2 orc wizards
  Ijyb (D:3)
  Terence (D:3)
  3 worker ants (D:4)
  6 adders
  2 worms
  3 giant geckos
  14 orcs
  A ball python (D:2)
  3 giant cockroaches
  9 goblins
  5 hobgoblins
  4 jackals (D:4)
  3 kobolds
  A quokka (D:2)
  2 ball python skeletons (D:4)
  7 bats
  A giant gecko skeleton (D:4)
  A giant newt (D:1)
  7 rats
78 creatures vanquished.

Notes
Turn   | Place    | Note
--------------------------------------------------------------
     0 | D:1      | gorblad the Vine Stalker Monk began the quest for the Orb.
     0 | D:1      | Reached XP level 1. HP: 11/11 MP: 2/2
   258 | D:1      | Reached XP level 2. HP: 16/16 MP: 3/3
   911 | D:2      | Found a glowing silver altar of Zin.
   970 | D:2      | Reached XP level 3. HP: 14/19 MP: 4/4
  1161 | D:2      | Reached XP level 4. HP: 24/24 MP: 5/5
  1379 | D:2      | You fall through a shaft for 2 floors!
  1442 | D:4      | Reached XP level 5. HP: 18/28 MP: 4/6
  1464 | D:4      | Found Xughiqij's Jewellery Emporium.
  1644 | D:4      | Found an ancient bone altar of Kikubaaqudgha.
  1646 | D:4      | Found a radiant altar of Vehumet.
  1646 | D:4      | Found a deep blue altar of Sif Muna.
  1652 | D:4      | Identified Vehumet's Papyrus of Conjuration
  1661 | D:4      | Identified Sif Muna's Almanac of Orientation
  1669 | D:4      | Identified Kikubaaqudgha's Reference Book on Evil Magic
  1818 | D:4      | Noticed Eustachio
  1829 | D:4      | Killed Eustachio
  1829 | D:4      | Reached skill level 5 in Stealth
  1829 | D:4      | Gained mutation: You heal very quickly. [Vine Stalker growth]
  1829 | D:4      | Reached XP level 6. HP: 32/32 MP: 7/7
  1852 | D:4      | Found a staircase to the Ecumenical Temple.
  1895 | Temple   | Entered the Ecumenical Temple
  2009 | D:4      | HP: 1/32 [orc (3)]
  2244 | D:3      | Reached skill level 1 in Short Blades
  2273 | D:3      | Noticed Ijyb
  2279 | D:3      | Killed Ijyb
  2456 | D:3      | Noticed Terence
  2474 | D:3      | Killed Terence
  2474 | D:3      | Reached XP level 7. HP: 36/36 MP: 8/8
  2678 | D:3      | Reached skill level 6 in Stealth
  3456 | D:5      | Entered Level 5 of the Dungeon
  3509 | D:5      | Found a bloodstained altar of Trog.
  3513 | D:5      | Shot with an arrow by a centaur

Vault maps used:
D:1:      lightli_arrival_farm, st_stairs_1, minmay_misc_feat_doors
D:2:      overflow_temple_1_default
D:3:      uniq_terence, uniq_iyjb
D:4:      grunt_temple_overflow_magic_moments,
          minmay_temple_entry_enclosed_plants, serial_shops,
          nicolae_shop_waterfront, kennysheep_generic_room_8, uniq_eustachio
D:5:      grunt_dithmenos_smoke_and_mirrors, first_bread, trog_book
Temple:   circular_temple_12

Action                   |  1- 3 |  4- 6 |  7- 9 || total
-------------------------+-------+-------+-------++-------
Melee: Dagger            |    72 |    93 |    62 ||   227
  Use: Scroll            |     2 |       |     6 ||     8
 Stab: Sleeping          |     6 |     7 |     4 ||    17
  Eat: Chunk             |     1 |     4 |     3 ||     8
